 Dungeon Crawl Stone Soup version 0.22-a0-587-g7d32d7c (webtiles) character file.

4979 inc the Jinx (level 10, 42/42 HPs)
             Began as a Felid Enchanter on July 3, 2018.
             Was a High Priest of Kikubaaqudgha.
             Quit the game on level 13 of the Dungeon on July 4, 2018.
             The game lasted 00:49:44 (19888 turns).

inc the Jinx (Felid Enchanter)                     Turns: 19888, Time: 00:49:44

Health: 42/42      AC:  2    Str:  6    XL:     10   Next: 29%
Magic:  22/22      EV: 25    Int: 19    God:    Kikubaaqudgha [*****.]
Gold:   715        SH:  0    Dex: 18    Spells: 7/24 levels left
                                        Lives:  0   Deaths: 2

rFire    x . .     SeeInvis +     - Unarmed
rCold    + . .     Gourm    .   (shield unavailable)
rNeg     . . .     Faith    .   (armour unavailable)
rPois    .         Spirit   .   (helmet unavailable)
rElec    .         Reflect  .   (cloak unavailable)
rCorr    .         Harm     .   (gloves unavailable)
MR       +....     Clarity  +   (boots unavailable)
Stlth    ++++......             t - amulet of the acrobat
HPRegen  0.14/turn              k - ring of ice
MPRegen  0.18/turn              D - +4 ring of slaying

@: quick
A: very small, no armour, no weapons or thrown items, stealth, claws 1, fangs 3,
see invisible, carnivore, clarity, speed 1, shaggy fur 2, slow metabolism 1,
strong 1, sharp paws
a: Receive Corpses, Torment, Renounce Religion


You were on level 13 of the Dungeon.
You worshipped Kikubaaqudgha.
Kikubaaqudgha was extremely pleased with you.
You were not hungry.

You visited 2 branches of the dungeon, and saw 14 of its levels.

You collected 715 gold pieces.

Inventory:

Jewellery
 k - a ring of ice (left paw)
 n - an uncursed ring of ice
 t - an amulet of the acrobat (around neck)
 u - an uncursed ring of fire
 D - a +4 ring of slaying (right paw)
 G - an uncursed ring of flight
Wands
 f - a wand of iceblast (24)
 q - a wand of paralysis (17)
 r - a wand of flame (26)
 s - a wand of digging (12)
 B - a wand of disintegration (17)
 E - a wand of acid (22)
 J - a wand of polymorph (6)
 K - a wand of random effects (11)
Scrolls
 e - 4 scrolls of vulnerability {unknown}
 g - 4 scrolls of blinking
 h - 3 scrolls of fog
 i - 6 scrolls of amnesia
 l - 3 scrolls of remove curse
 o - 6 scrolls of teleportation
 p - a scroll of fear
 w - 2 scrolls of enchant armour
 y - a scroll of magic mapping {unknown}
 A - a scroll of enchant weapon
Potions
 a - 2 potions of ambrosia
 c - a potion of cancellation
 d - 2 potions of agility
 j - a potion of lignification
 m - 4 potions of heal wounds
 v - a potion of flight
 x - 6 potions of curing
 z - a potion of haste
 C - 2 potions of mutation
 F - a potion of invisibility
 H - 3 potions of berserk rage
 I - a potion of magic
Comestibles
 b - 26 rations


   Skills:
 - Level 3.0 Fighting
 - Level 8.8 Dodging
 - Level 7.2 Stealth
 - Level 9.7 Unarmed Combat
 - Level 7.7 Spellcasting
 - Level 12.4 Hexes
 + Level 9.2 Necromancy
 - Level 3.4 Ice Magic


You had 7 spell levels left.
You knew the following spells:

 Your Spells              Type           Power        Failure   Level  Hunger
a - Animate Dead          Necr           N/A          1%          4    ###....
b - Ensorcelled Hibernat  Hex/Ice        ######       1%          2    None
c - Confuse               Hex            ######..     1%          3    #......
d - Vampiric Draining     Necr           #####.....   1%          3    #......
e - Agony                 Necr           #####...     6%          5    #####..

Your spell library contained the following spells:

 Spells                   Type           Power        Failure   Level  Hunger
 Magic Dart               Conj           #...         10%         1    None
 Iskenderun's Mystic Bla  Conj           #.......     67%         4    ###....
 Pain                     Necr           ####         1%          1    None
 Animate Skeleton         Necr           N/A          1%          1    None
 Dispel Undead            Necr           #####...     6%          5    #####..
 Sublimation of Blood     Necr           #####.....   1%          2    None
 Tukima's Dance           Hex            ######..     1%          3    #......
 Spider Form              Tmut/Pois      #.........   28%         3    #......
 Blade Hands              Tmut           #.........   95%         5    #####..
 Ice Form                 Ice/Tmut       ###.....     43%         4    ###....
 Death Channel            Necr           #####.....   32%         6    ######.
 Sticks to Snakes         Tmut           #.......     14%         2    None
 Corona                   Hex            ######.      1%          1    None
 Beastly Appendage        Tmut           #.....       10%         1    None
 Fulminant Prism          Conj/Hex       ####......   8%          4    ###....
 Dazzling Spray           Conj/Hex       ####..       2%          3    #......
 Force Lance              Conj/Tloc      #.......     67%         4    ###....
 Searing Ray              Conj           #.....       14%         2    None
 Borgnjor's Vile Clutch   Necr/Erth      ###.......   36%         5    #####..


Dungeon Overview and Level Annotations

Branches:
Dungeon (13/15)            Temple (1/1) D:5            Lair (0/6) D:9
    Orc (0/2) D:10
 Vaults: D:13-14

Altars:
Ashenzari
Cheibriados
Dithmenos
Elyvilon
Fedhas
Gozag
Hepliaklqana
Kikubaaqudgha
Makhleb
Nemelex Xobeh
Okawaru
Qazlal
Ru
Sif Muna
Trog
Uskayaw
Vehumet
Wu Jian
Xom
Yredelemnul
Zin
The Shining One

Shops:
D:12 [

Annotations:
D:5 Amnesiac's ghost, weakling SpWn


Innate Abilities, Weirdness & Mutations

You cannot wear armour.
You are incapable of wielding weapons or throwing items.
Your paws allow you to move quietly. (Stealth)
You have sharp claws.
You have razor-sharp teeth.
You have supernaturally acute eyesight. (SInv)
You are carnivorous and can eat meat at any time.
You cover ground quickly.
You are covered in thick fur. (AC +2)
You have a slow metabolism.
Your sharp claws are effective at attacking unaware monsters.
You possess an exceptional clarity of mind.
Your muscles are strong. (Str +2)


Message History

You see here a stone.
Casting: Confuse (safe; 1% risk of failure)
Confirm with . or Enter, or press ? or * to list all spells.
Aiming: Ensorcelled Hibernation (safe; 1% risk of failure)
Press: ? - help, Shift-Dir - straight line, f - vault guard
Aim: a vault guard, wielding an enchanted battleaxe and wearing a plate armour (chance to defeat MR: 37%)
Okay, then.
The wizard gestures at you while chanting.
The bolt of lightning hits you!
Ouch! That really hurt!
* * * LOW HITPOINT WARNING * * *
You see here a stone.
You see here a bolt.
The orc warrior shouts!
The orc warrior shoots a bolt.
The bolt closely misses you.
The vault guard throws a stone.
The stone hits you!
You die...
You are now level 10!
You rejoin the land of the living...
Are you sure you want to abandon this character and quit the game? (Confirm with "yes".)

#.......##.##.........
#.......##.##.........
#.......#..##.........
#.........###.........
#.......### #.........
#####.### #####'####
#...# ###..#
###'####### #...##
#...#@....####.######
#.#.#.###.'.#.......#
#.#.#...#.#.#.....<.#
###.#####.#.#.......##
#.#.#.....#.#.).......
#.#.#.###.#.........##
#...#.#.#.###.......#
#.###.#.#.# #.......#
#.....#...# #.......#


There were no monsters in sight!

Vanquished Creatures
  A vault guard (D:13)
  A catoblepas (D:12)
  3 two-headed ogres
  A lindwurm (shapeshifter) (D:12)
  3 cyclopes
  Maurice (D:10)
  3 gargoyles
  A yaktaur (D:13)
  A tengu conjurer (D:13)
  A hornet (D:13)
  3 hippogriffs
  A shadow (D:11)
  A vampire (D:10)
  5 yaks (D:9)
  4 fire bats (D:8)
  A wraith (D:13)
  2 hungry ghosts
  A steam dragon (D:9)
  Edmund (D:5)
  Menkaure (D:5)
  A soldier ant (D:7)
  An acid dragon (D:13)
  3 water moccasins
  A hell hound (D:8)
  Duvessa (D:5)
  11 orc warriors
  3 sky beasts
  2 ice beasts
  2 phantoms
  A black bear (D:13)
  6 ogres
  A necrophage (D:13)
  8 centaurs
  7 bullfrogs
  Dowan (D:5)
  7 scorpions
  4 killer bees (D:9)
  3 wights (D:12)
  5 howler monkeys
  6 crimson imps
  2 lava snakes (D:8)
  A bullfrog zombie (D:12)
  A quasit (D:12)
  A centaur zombie (D:6)
  4 hounds
  3 jellies
  2 centaur skeletons
  7 orc priests
  Jessica (D:3)
  2 bullfrog skeletons
  2 iguanas
  8 orc wizards
  12 worker ants
  2 howler monkey skeletons
  A howler monkey zombie (D:9)
  A worker ant zombie (D:10)
  9 adders
  5 gnolls (D:8)
  A river rat (D:5)
  5 shadow imps
  An adder skeleton (D:7)
  2 adder zombies
  4 worms
  2 dart slugs
  5 leopard geckos
  31 orcs
  A ball python (D:5)
  10 bats
  12 giant cockroaches
  4 goblins
  8 hobgoblins
  16 jackals
  6 kobolds
  6 quokkas
  4 frilled lizards
  A giant cockroach zombie (D:5)
  A leopard gecko zombie (D:5)
  A quokka skeleton (D:8)
  13 rats
  A plant (D:2)
309 creatures vanquished.

Vanquished Creatures (collateral kills)
  A centaur zombie (D:12)
  A bullfrog (D:12)
  A wight (D:12)
  A bullfrog skeleton (D:12)
  3 orcs (D:12)
7 creatures vanquished.

Vanquished Creatures (others)
  An ice beast (D:8)
1 creature vanquished.

Grand Total: 317 creatures vanquished

Notes
Turn   | Place    | Note
-------+----------+-------------------------------------------
     0 | D:1      | inc the Felid Enchanter began the quest for the Orb.
     0 | D:1      | Reached XP level 1. HP: 7/7 MP: 4/4
   107 | D:1      | Reached skill level 1 in Fighting
   266 | D:1      | Reached XP level 2. HP: 13/13 MP: 6/6
   270 | D:1      | Learned a level 2 spell: Ensorcelled Hibernation
   989 | D:1      | Reached XP level 3. HP: 16/16 MP: 7/7
  2387 | D:2      | Reached XP level 4. HP: 18/21 MP: 0/8
  2870 | D:2      | Reached skill level 1 in Ice Magic
  3153 | D:2      | Found a radiant altar of Vehumet.
  3360 | D:3      | Found a faded altar of an unknown god.
  3446 | D:3      | Noticed Jessica
  3452 | D:3      | Killed Jessica
  3452 | D:3      | Reached XP level 5. HP: 13/24 MP: 4/9
  3859 | D:3      | Reached skill level 5 in Hexes
  4198 | D:3      | Reached skill level 5 in Stealth
  4587 | D:4      | Gained mutation: You are covered in thick fur. (AC +2) [Felid growth]
  4587 | D:4      | Reached XP level 6. HP: 9/28 MP: 10/10
  4592 | D:4      | Learned a level 3 spell: Confuse
  4997 | D:4      | Found a stormy altar of Qazlal.
  5446 | D:5      | Entered Level 5 of the Dungeon
  5447 | D:5      | Found a runed door.
  5603 | D:5      | Found a glowing silver altar of Zin.
  5701 | D:5      | Found a runed door.
  5704 | D:5      | Noticed Edmund
  6086 | D:5      | Noticed Amnesiac's ghost (weakling SpWn)
  6145 | D:5      | HP: 1/28 [Edmund/dire flail of protection (8)]
  6152 | D:5      | Killed Edmund
  6467 | D:5      | Found a staircase to the Ecumenical Temple.
  6507 | Temple   | Entered the Ecumenical Temple
  6663 | Temple   | Became a worshipper of Kikubaaqudgha
  7141 | D:5      | Noticed Menkaure
  7165 | D:5      | Killed Menkaure
  7165 | D:5      | Reached XP level 7. HP: 7/31 MP: 3/11
  7437 | D:5      | Found a shimmering altar of Xom.
  7568 | D:5      | Noticed Dowan
  7569 | D:5      | Noticed Duvessa
  7571 | D:5      | Found an iron altar of Okawaru.
  7696 | D:5      | Killed Duvessa
  8070 | D:5      | Killed Dowan
  8552 | D:6      | Reached XP level 8. HP: 28/34 MP: 8/12
  8607 | D:6      | Reached skill level 6 in Hexes
  8621 | D:6      | Reached skill level 7 in Hexes
  8627 | D:6      | Reached * piety under Kikubaaqudgha
  8627 | D:6      | Identified Kikubaaqudgha's Incunabulum of Dark Rituals (Kikubaaqudgha gifted it to you on level 6 of the Dungeon)
  8627 | D:6      | Received a gift from Kikubaaqudgha
  8735 | D:6      | Reached skill level 8 in Hexes
  9179 | D:6      | Noticed a two-headed ogre
  9293 | D:6      | Killed a two-headed ogre
  9293 | D:6      | Reached skill level 5 in Necromancy
  9293 | D:6      | Reached XP level 9. HP: 37/37 MP: 8/13
  9299 | D:6      | Learned a level 3 spell: Vampiric Draining
  9554 | D:6      | Reached skill level 9 in Hexes
 10178 | D:6      | HP: 1/37 [poisoned by a water moccasin]
 10233 | D:6      | Gained mutation: You are partially covered in icy blue scales. (AC +2) [potion of mutation]
 10233 | D:6      | Gained mutation: You do not regenerate when monsters are visible. [potion of mutation]
 10233 | D:6      | Gained mutation: You possess an exceptional clarity of mind. [potion of mutation]
 10234 | D:6      | Lost mutation: You do not regenerate when monsters are visible. [potion of mutation]
 10234 | D:6      | Lost mutation: You are partially covered in icy blue scales. (AC +2) [potion of mutation]
 10234 | D:6      | Gained mutation: Your muscles are strong. (Str +2) [potion of mutation]
 10853 | D:7      | Found a runed door.
 10871 | D:7      | Found a runed door.
 10902 | D:7      | Reached skill level 5 in Unarmed Combat
 11476 | D:7      | Reached ** piety under Kikubaaqudgha
 12221 | D:8      | Reached XP level 10. HP: 30/42 MP: 11/14
 12727 | D:8      | Found a sacrificial altar of Ru.
 12954 | D:8      | Noticed a gargoyle
 12954 | D:8      | Noticed a two-headed ogre
 12954 | D:8      | Noticed a gargoyle
 12955 | D:8      | Noticed a gargoyle
 13122 | D:8      | Killed a gargoyle
 13176 | D:8      | Killed a two-headed ogre
 13416 | D:8      | Reached skill level 10 in Hexes
 14046 | D:8      | Noticed a gargoyle
 14046 | D:8      | Noticed a gargoyle
 14133 | D:8      | Killed a gargoyle
 14319 | D:9      | Reached skill level 11 in Hexes
 14439 | D:9      | Found a staircase to the Lair.
 14630 | D:9      | Reached skill level 12 in Hexes
 14976 | D:9      | Reached XP level 11. HP: 45/45 MP: 12/15
 14980 | D:9      | Reached *** piety under Kikubaaqudgha
 14980 | D:9      | Identified Kikubaaqudgha's Catalogue of Black Arts (Kikubaaqudgha gifted it to you on level 9 of the Dungeon)
 14980 | D:9      | Received a gift from Kikubaaqudgha
 14989 | D:9      | Learned a level 4 spell: Animate Dead
 15561 | D:10     | Entered Level 10 of the Dungeon
 15731 | D:10     | Found a staircase to the Orcish Mines.
 16108 | D:10     | Noticed Maurice
 16119 | D:10     | Killed Maurice
 16748 | D:11     | Upgraded the game from 0.22-a0-580-gd5db89c to 0.22-a0-587-g7d32d7c
 16949 | D:11     | Reached skill level 5 in Spellcasting
 17131 | D:11     | Reached **** piety under Kikubaaqudgha
 17675 | D:12     | Found Ithradack's Antique Armour Emporium.
 17836 | D:12     | Noticed a two-headed ogre
 18159 | D:12     | Killed a two-headed ogre
 18401 | D:12     | Noticed a catoblepas
 18592 | D:12     | Learned a level 5 spell: Agony
 18655 | D:12     | Noticed a lindwurm
 18663 | D:12     | Killed a lindwurm
 18665 | D:12     | Reached ***** piety under Kikubaaqudgha
 18805 | D:12     | Slain by a catoblepas
 18806 | D:12     | Reached XP level 10. HP: -1/42 MP: 12/22
 18911 | D:12     | Killed a catoblepas
 19195 | D:13     | Noticed a cyclops
 19199 | D:13     | Killed a cyclops
 19199 | D:13     | Reached XP level 11. HP: 45/45 MP: 23/23
 19531 | D:13     | Noticed a vault guard
 19538 | D:13     | Noticed a vault guard
 19544 | D:13     | Noticed a wizard
 19546 | D:13     | Noticed a vault guard
 19879 | D:13     | Killed a vault guard
 19887 | D:13     | Hit by a stone thrown by a vault guard
 19888 | D:13     | Reached XP level 10. HP: -4/41 MP: 16/22
 19888 | D:13     | Quit the game

Vault maps used:
D:1:      doesnt_arrival_eight_statues
D:2:      minmay_wonky_spiral, fiery_altar_vehumet, serial_forest,
          infiniplex_forest_corner_2, infiniplex_forest_end_2,
          infiniplex_forest_end_3, infiniplex_forest_straight_2,
          infiniplex_forest_clump_diagonal, infiniplex_forest_clump_diagonal,
          infiniplex_forest_clump_tiny
D:3:      kennysheep_big_flooded_room, chequers_ecumenical_altar_simple,
          first_ration, kennysheep_generic_room_5, uniq_jessica
D:4:      grunt_qazlal_clouds
D:5:      okawaru_ov_weapons_minmay, lemuel_doored_altar,
          overflow_temple_1_default, temple_doors_ab, ebering_ghost_sewer_f,
          uniq_edmund, uniq_menkaure, uniq_duvessa
D:6:      cheibrodos_fzero, corexii_item_surrounded_by_moat
D:7:      lemuel_insect_pit
D:8:      cheibrodos_statue_roulette, hangedman_ru_absence, grunt_ministairs_1,
          grunt_ogre_cave, hangedman_incinerator
D:9:      lair_entry_dummy
D:10:     orc_0_dummy, uniq_maurice
D:11:     serial_co_window_serial, co_window_paths_a,
          co_window_of_opportunity_a, co_window_corner_a, co_window_paths_a,
          co_window_paths_b, co_window_corner_a, co_window_corner_a,
          co_window_of_opportunity_a, co_window_paths_b, co_window_corner_ca,
          co_window_of_opportunity_b, co_window_paths_c, glass_columns_c,
          glass_columns_a, glass_columns_a
D:12:     serial_shops, shop, minmay_bent
D:13:     grunt_vaults_entry_fortified
Temple:   eino_temple_rhombus

Skill      XL: |  1  2  3  4  5  6  7  8  9 10 11 |
---------------+----------------------------------+-----
Fighting       | 1 2 3 |  3.0
Unarmed Combat | 2 6 9 |  9.7
Ice Magic      | 2 3 |  3.4
Hexes          | 5 8 9 12 | 12.4
Stealth        | 6 7 |  7.2
Dodging        | 6 8 |  8.8
Necromancy     | 5 6 7 9 |  9.2
Spellcasting   | 7 |  7.7

Action                   |  1- 3 |  4- 6 |  7- 9 | 10-12 || total
-------------------------+-------+-------+-------+-------++-------
Melee: Unarmed           |    99 |   219 |   166 |   257 ||   741
       Bite              |     9 |    22 |    13 |    26 ||    70
       Punch             |       |     1 |     1 |     7 ||     9
 Cast: Corona            |     5 |       |       |       ||     5
       Ensorcelled Hiber |    37 |    54 |   109 |   153 ||   353
       Confuse           |       |    12 |    13 |    52 ||    77
       Vampiric Draining |       |       |     3 |     3 ||     6
       Animate Dead      |       |       |       |     3 ||     3
  Use: Scroll            |       |       |     7 |    15 ||    22
       Potion            |       |       |     4 |       ||     4
 Stab: Sleeping          |    34 |    43 |    70 |    89 ||   236
       Confused          |       |     5 |    10 |    20 ||    35
       Distracted        |       |       |       |     1 ||     1
  Eat: Chunk             |    10 |     7 |    20 |    22 ||    59
       Ration            |       |     1 |     1 |     1 ||     3
Armor: Skin              |     6 |     9 |     3 |    12 ||    30
Dodge: Dodged            |    94 |    79 |   141 |   212 ||   526

Table legend:
 A = Spawn XP
 B = Non-spawn XP
 C = Spawn XP percentage of total XP
 D = Spawn monster count
 E = Non-spawn monster count
 F = Spawn count percentage of total count
 G = Total turns spent on level
                    A         B        C        D         E        F      G
               +---------+---------+-------+---------+---------+-------+---------
         Total |       0 |   23574 |   0.0 |       0 |     315 |   0.0 | 19888
               +---------+---------+-------+---------+---------+-------+---------
           D:1 |       0 |      47 |   0.0 |       0 |      25 |   0.0 |  1300
           D:2 |       0 |     110 |   0.0 |       0 |      27 |   0.0 |  2065
           D:3 |       0 |     150 |   0.0 |       0 |      23 |   0.0 |   889
           D:4 |       0 |     114 |   0.0 |       0 |       7 |   0.0 |  1540
           D:5 |       0 |     889 |   0.0 |       0 |      21 |   0.0 |  2458
           D:6 |       0 |    2345 |   0.0 |       0 |      27 |   0.0 |  1955
           D:7 |       0 |    1737 |   0.0 |       0 |      40 |   0.0 |  2100
           D:8 |       0 |    3911 |   0.0 |       0 |      31 |   0.0 |  1837
           D:9 |       0 |    2102 |   0.0 |       0 |      25 |   0.0 |  1254
          D:10 |       0 |    1528 |   0.0 |       0 |      22 |   0.0 |  1181
          D:11 |       0 |    2124 |   0.0 |       0 |      14 |   0.0 |  1204
          D:12 |       0 |    4879 |   0.0 |       0 |      34 |   0.0 |  1210
          D:13 |       0 |    3638 |   0.0 |       0 |      19 |   0.0 |   732
               +---------+---------+-------+---------+---------+-------+---------
